General information
- name: BNet
- type: Ladder team game (AT/RT)
- host: Battle.net
- saver: BROWN-BABY.
map: MarketSquare
- players: 8
- length: 48:59
- speed: Fast
- version: 1.26 W3XP
- replay type: Public
» download(330 KB)
Players
team 1 (winner)
b.b (
red | 54 APM | 2572 actions | 47:23)
4 Mountain King
2 Storm Bolt
1 Bash
1 Thunder Clap
» actions
| Basic commands | 59 | |
| Build / train | 187 | |
| Enter build submenu | 21 | |
| Enter hero's abilities submenu | 4 | |
| Right click | 1109 | |
| Select / deselect | 1086 | |
| Use ability | 106 | |
2572 total
» units
| Peasant | 66 | |
| Footman | 10 | |
| Spell Breaker | 2 | |
| Priest | 2 | |
| Flying Machine | 1 | |
| Mortar Team | 1 | |
| Siege Engine | 15 | |
| Gryphon Rider | 7 | |
104 total
» upgrades
| Defend | 1 | |
| Masonry | 1 | |
| Priest Training | 1 | |
| Fragmentation Shards | 1 | |
| Flare | 1 | |
| Barrage | 1 | |
6 total
» buildings
| Farm | 5 | |
| Altar of Kings | 1 | |
| Barracks | 1 | |
| Lumber Mill | 1 | |
| Arcane Vault | 1 | |
| Scout Tower | 18 | |
| Arcane Tower | 19 | |
| Guard Tower | 20 | |
| Keep | 4 | |
| Blacksmith | 1 | |
| Workshop | 1 | |
72 total
» build order
01:08 Farm
01:12 Farm
01:23 Altar of Kings
01:42 Barracks
01:53 Lumber Mill
02:42 Farm
02:44 Farm
03:00 Arcane Vault
03:06 Scout Tower
03:07 Scout Tower
03:35 Arcane Tower
03:36 Arcane Tower
03:36 Arcane Tower
03:36 Arcane Tower
03:38 Arcane Tower
03:38 Arcane Tower
03:38 Arcane Tower
03:39 Arcane Tower
03:59 Scout Tower
04:00 Scout Tower
04:03 Scout Tower
04:04 Scout Tower
04:45 Arcane Tower
06:05 Guard Tower
06:05 Guard Tower
06:06 Guard Tower
06:08 Keep
06:08 Keep
06:09 Keep
06:20 Blacksmith
07:13 Guard Tower
07:13 Guard Tower
07:15 Guard Tower
12:13 Guard Tower
12:14 Guard Tower
12:23 Arcane Tower
12:23 Arcane Tower
12:38 Guard Tower
12:38 Guard Tower
15:40 Farm
27:55 Scout Tower
27:56 Scout Tower
27:57 Scout Tower
29:23 Workshop
29:32 Guard Tower
29:32 Guard Tower
29:32 Guard Tower
29:32 Guard Tower
29:39 Guard Tower
29:45 Scout Tower
30:02 Scout Tower
30:03 Scout Tower
30:04 Scout Tower
30:14 Arcane Tower
30:14 Arcane Tower
30:20 Scout Tower
30:22 Scout Tower
31:25 Guard Tower
31:25 Guard Tower
31:25 Guard Tower
31:26 Guard Tower
31:51 Scout Tower
32:25 Arcane Tower
32:26 Arcane Tower
32:26 Arcane Tower
32:26 Arcane Tower
32:30 Scout Tower
34:18 Scout Tower
» items
| Scroll of Regeneration | 2 | |
| Lesser Clarity Potion | 3 | |
| Potion of Healing | 2 | |
| Ivory Tower | 5 | |
| Boots of Speed | 1 | |
| Staff of Teleportation | 1 | |
14 total
BROWN-BABY. (
pink | 72 APM | 3538 actions | 48:59)
5 Dark Ranger
2 Black Arrow
3 Silence
» actions
| Assign group hotkey | 95 | |
| Basic commands | 91 | |
| Build / train | 57 | |
| ESC pressed | 15 | |
| Enter build submenu | 31 | |
| Enter hero's abilities submenu | 7 | |
| Give item / drop item | 1 | |
| Remove unit from queue | 1 | |
| Right click | 1409 | |
| Select / deselect | 489 | |
| Select group hotkey | 741 | |
| Use ability | 598 | |
3538 total
» units
| Peon | 13 | |
| Troll Batrider | 9 | |
| Wind Rider | 4 | |
| Gryphon Rider | 1 | |
27 total
» upgrades
| Ranged Weapons | 2 | |
| Armor | 2 | |
| Reinforced Defenses | 1 | |
| Liquid Fire | 1 | |
| Envenomed Spears | 1 | |
7 total
» buildings
| Altar of Storms | 2 | |
| Orc Burrow | 8 | |
| War Mill | 2 | |
| Voodoo Lounge | 2 | |
| Watch Tower | 30 | |
| Stronghold | 1 | |
| Fortress | 1 | |
| Beastiary | 3 | |
| Great Hall | 1 | |
| Farm | 2 | |
52 total
» build order
00:11 Altar of Storms
00:22 Orc Burrow
00:38 War Mill
01:17 Voodoo Lounge
02:05 Watch Tower
02:11 Watch Tower
02:41 Watch Tower
02:59 Watch Tower
03:38 Stronghold
03:49 Orc Burrow
03:52 Orc Burrow
04:16 Watch Tower
04:23 Watch Tower
04:23 Watch Tower
05:54 Orc Burrow
06:08 Fortress
06:33 Beastiary
06:57 Beastiary
14:23 Great Hall
14:47 Watch Tower
14:48 Watch Tower
14:49 Watch Tower
16:20 Watch Tower
16:20 Watch Tower
16:20 Watch Tower
18:31 Orc Burrow
18:31 Orc Burrow
18:35 Beastiary
19:11 Orc Burrow
21:19 Voodoo Lounge
22:13 War Mill
22:47 Watch Tower
22:48 Watch Tower
22:49 Watch Tower
24:15 Watch Tower
24:17 Watch Tower
27:08 Watch Tower
27:08 Watch Tower
27:11 Watch Tower
27:12 Watch Tower
27:14 Watch Tower
27:14 Watch Tower
27:15 Watch Tower
27:16 Watch Tower
27:17 Watch Tower
27:17 Watch Tower
27:21 Watch Tower
27:24 Watch Tower
32:22 Farm
32:22 Farm
41:50 Orc Burrow
41:53 Altar of Storms
» items
| Healing Salve | 2 | |
| Rod of Necromancy | 1 | |
| Orb of Lightning | 1 | |
| Staff of Teleportation | 1 | |
| Potion of Lesser Invulnerability | 2 | |
| Scroll of Town Portal | 4 | |
| Boots of Speed | 1 | |
| Scroll of Regeneration | 1 | |
13 total
ShrexualHealing (
teal | 67 APM | 1831 actions | 27:23)
6 Goblin Alchemist
3 Healing Spray
2 Chemical Rage
1 Transmute
» actions
| Assign group hotkey | 268 | |
| Basic commands | 63 | |
| Build / train | 86 | |
| Enter build submenu | 46 | |
| Enter hero's abilities submenu | 6 | |
| Give item / drop item | 2 | |
| Remove unit from queue | 3 | |
| Right click | 846 | |
| Select / deselect | 225 | |
| Select group hotkey | 192 | |
| Use ability | 94 | |
1831 total
» units
| Peasant | 16 | |
| Footman | 4 | |
| Gryphon Rider | 8 | |
28 total
» upgrades
| Masonry | 3 | |
| Lumber Harvesting | 2 | |
| Storm Hammers | 1 | |
| Animal War Training | 1 | |
| Swords | 3 | |
| Armor | 3 | |
| Cloud | 1 | |
| Magic Sentry | 1 | |
15 total
» buildings
| Altar of Kings | 1 | |
| Barracks | 1 | |
| Farm | 8 | |
| Scout Tower | 25 | |
| Arcane Tower | 1 | |
| Arcane Vault | 3 | |
| Lumber Mill | 1 | |
| Keep | 1 | |
| Town Hall | 1 | |
| Guard Tower | 10 | |
| Castle | 1 | |
| Gryphon Aviary | 3 | |
| Blacksmith | 2 | |
| Arcane Sanctum | 1 | |
59 total
» build order
00:51 Altar of Kings
00:53 Barracks
00:55 Farm
00:57 Farm
00:59 Farm
01:06 Farm
01:09 Farm
01:52 Scout Tower
02:23 Arcane Tower
02:57 Arcane Vault
04:02 Lumber Mill
04:32 Keep
05:11 Town Hall
05:14 Scout Tower
05:15 Scout Tower
05:15 Scout Tower
05:16 Scout Tower
05:51 Guard Tower
07:04 Castle
07:07 Guard Tower
07:08 Scout Tower
07:10 Scout Tower
07:12 Scout Tower
07:13 Scout Tower
07:15 Scout Tower
07:41 Guard Tower
07:42 Guard Tower
07:44 Guard Tower
08:52 Gryphon Aviary
08:52 Gryphon Aviary
09:50 Gryphon Aviary
09:54 Farm
09:58 Scout Tower
09:59 Scout Tower
10:04 Scout Tower
10:12 Scout Tower
11:08 Guard Tower
11:32 Blacksmith
11:34 Blacksmith
14:57 Scout Tower
14:57 Scout Tower
14:57 Scout Tower
14:58 Scout Tower
16:22 Arcane Vault
17:19 Guard Tower
18:11 Arcane Sanctum
18:29 Farm
18:31 Farm
21:44 Scout Tower
21:44 Scout Tower
21:45 Scout Tower
21:47 Scout Tower
21:48 Scout Tower
22:41 Guard Tower
23:08 Guard Tower
23:10 Scout Tower
23:11 Scout Tower
24:09 Guard Tower
26:35 Arcane Vault
» items
| Potion of Healing | 6 | |
| Scroll of Town Portal | 9 | |
| Scroll of Regeneration | 2 | |
| Orb of Corruption | 1 | |
| Periapt of Vitality | 1 | |
| Potion of Lesser Invulnerability | 1 | |
20 total

»
digao6969 (
green | 39 APM | 1886 actions | 48:58)
3 Crypt Lord
2 Impale
1 Spiked Carapace
2 Goblin Alchemist
1 Chemical Rage
1 Acid Bomb
» actions
| Assign group hotkey | 19 | |
| Basic commands | 179 | |
| Build / train | 276 | |
| Enter build submenu | 33 | |
| Enter hero's abilities submenu | 5 | |
| Right click | 552 | |
| Select / deselect | 445 | |
| Select group hotkey | 308 | |
| Use ability | 69 | |
1886 total
» units
| Acolyte | 11 | |
| Ghoul | 4 | |
| Crypt Fiend | 12 | |
| Gargoyle | 3 | |
| Gryphon Rider | 159 | |
| Spell Breaker | 2 | |
| Knight | 10 | |
| Dragonhawk Rider | 42 | |
243 total
» upgrades
| Web | 1 | |
| Burrow | 1 | |
| Creature Attack | 2 | |
| Creature Carapace | 2 | |
| Gunpowder | 2 | |
| Plating | 2 | |
| Flak Cannons | 1 | |
| Flying Machine Bombs | 1 | |
12 total
» buildings
| Altar of Darkness | 1 | |
| Ziggurat | 9 | |
| Crypt | 2 | |
| Tomb of Relics | 1 | |
| Graveyard | 1 | |
| Halls of the Dead | 1 | |
| Necropolis | 2 | |
| Spirit Tower | 5 | |
| Black Citadel | 1 | |
| Sacrificial Pit | 1 | |
| Farm | 9 | |
| Workshop | 1 | |
34 total
» build order
00:30 Altar of Darkness
00:39 Ziggurat
00:51 Crypt
01:03 Crypt
01:34 Ziggurat
02:25 Tomb of Relics
03:12 Graveyard
03:38 Ziggurat
03:51 Halls of the Dead
05:55 Necropolis
07:10 Spirit Tower
08:54 Spirit Tower
08:58 Black Citadel
10:33 Ziggurat
10:40 Ziggurat
10:43 Ziggurat
10:52 Ziggurat
12:16 Spirit Tower
12:28 Spirit Tower
13:30 Sacrificial Pit
14:03 Ziggurat
14:12 Ziggurat
15:22 Spirit Tower
20:36 Necropolis
29:58 Farm
29:59 Farm
30:00 Farm
30:03 Farm
31:48 Farm
31:49 Farm
31:49 Farm
31:50 Farm
32:19 Workshop
37:24 Farm
» items
| Rod of Necromancy | 2 | |
| Scroll of Town Portal | 5 | |
| Dust of Appearance | 1 | |
8 total
team 2 (loser)

»
MyNamesCody (
blue | 52 APM | 2217 actions | 42:17)
5 Demon Hunter
3 Mana Burn
2 Evasion
4 Priestess of the Moon
2 Trueshot Aura
2 Searing Arrows
» actions
| Assign group hotkey | 71 | |
| Basic commands | 2 | |
| Build / train | 102 | |
| Enter build submenu | 19 | |
| Enter hero's abilities submenu | 9 | |
| Right click | 1436 | |
| Select / deselect | 464 | |
| Select group hotkey | 60 | |
| Use ability | 54 | |
2217 total
» units
| Wisp | 12 | |
| Archer | 12 | |
| Huntress | 11 | |
| Dryad | 18 | |
| Hippogryph | 21 | |
| Druid of the Talon | 3 | |
| Chimaera | 1 | |
78 total
» upgrades
| Strength of the Moon | 2 | |
| Improved Bows | 1 | |
| Abolish Magic | 1 | |
| Marksmanship | 1 | |
| Corrosive Breath | 1 | |
| Strength of the Wild | 1 | |
7 total
» buildings
| Moon Well | 8 | |
| Altar of Elders | 1 | |
| Ancient of War | 1 | |
| Ancient of Wonders | 1 | |
| Hunter's Hall | 1 | |
| Tree of Ages | 2 | |
| Ancient Protector | 1 | |
| Ancient of Lore | 1 | |
| Tree of Eternity | 1 | |
| Ancient of Wind | 2 | |
| Chimaera Roost | 1 | |
| Tree of Life | 1 | |
21 total
» build order
00:07 Moon Well
00:10 Altar of Elders
00:55 Ancient of War
01:23 Ancient of Wonders
01:58 Moon Well
02:08 Moon Well
02:50 Hunter's Hall
03:38 Moon Well
04:29 Tree of Ages
04:30 Tree of Ages
05:29 Moon Well
06:01 Ancient Protector
08:17 Ancient of Lore
10:18 Moon Well
11:43 Tree of Eternity
12:29 Ancient of Wind
12:32 Ancient of Wind
13:58 Moon Well
14:57 Chimaera Roost
19:29 Moon Well
32:09 Tree of Life
» items
The.Crypt.Lord (
orange | 91 APM | 4458 actions | 48:58)
8 Crypt Lord
3 Carrion Beetles
3 Spiked Carapace
1 Locust Swarm
1 Impale
1 Naga Sea Witch
1 Forked Lightning
1 Goblin Tinker
1 Engineering Upgrade
» actions
| Assign group hotkey | 82 | |
| Basic commands | 353 | |
| Build / train | 153 | |
| ESC pressed | 7 | |
| Enter build submenu | 43 | |
| Enter hero's abilities submenu | 10 | |
| Give item / drop item | 3 | |
| Right click | 1315 | |
| Select / deselect | 530 | |
| Select group hotkey | 1448 | |
| Use ability | 514 | |
4458 total
» units
| Acolyte | 18 | |
| Ghoul | 5 | |
| Crypt Fiend | 8 | |
| Frost Wyrm | 5 | |
36 total
» upgrades
| Creature Attack | 3 | |
| Burrow | 1 | |
| Creature Carapace | 3 | |
| Web | 1 | |
| Ghoul Frenzy | 1 | |
| Freezing Breath | 1 | |
| Destroyer Form | 1 | |
| Disease Cloud | 1 | |
| Unholy Armor | 1 | |
| Unholy Strength | 1 | |
14 total
» buildings
| Graveyard | 1 | |
| Crypt | 1 | |
| Altar of Darkness | 1 | |
| Ziggurat | 22 | |
| Tomb of Relics | 1 | |
| Halls of the Dead | 5 | |
| Necropolis | 2 | |
| Nerubian Tower | 9 | |
| Spirit Tower | 43 | |
| Black Citadel | 3 | |
| Sacrificial Pit | 3 | |
| Boneyard | 4 | |
| Slaughterhouse | 4 | |
99 total
» build order
00:06 Graveyard
00:09 Crypt
00:41 Altar of Darkness
00:58 Ziggurat
01:26 Tomb of Relics
02:03 Ziggurat
03:42 Halls of the Dead
03:42 Halls of the Dead
05:02 Ziggurat
05:42 Necropolis
07:57 Ziggurat
07:59 Ziggurat
08:39 Ziggurat
08:41 Ziggurat
08:50 Nerubian Tower
08:50 Nerubian Tower
08:51 Nerubian Tower
08:52 Spirit Tower
08:53 Spirit Tower
09:18 Black Citadel
09:18 Black Citadel
09:35 Ziggurat
09:37 Spirit Tower
09:37 Spirit Tower
09:37 Spirit Tower
09:40 Ziggurat
10:31 Spirit Tower
10:31 Spirit Tower
10:32 Spirit Tower
10:33 Spirit Tower
10:33 Spirit Tower
11:07 Sacrificial Pit
11:16 Sacrificial Pit
11:21 Sacrificial Pit
12:14 Boneyard
12:20 Boneyard
12:23 Nerubian Tower
12:23 Nerubian Tower
12:23 Nerubian Tower
12:24 Spirit Tower
12:25 Spirit Tower
14:42 Ziggurat
14:43 Ziggurat
14:49 Ziggurat
14:54 Ziggurat
14:57 Ziggurat
14:59 Ziggurat
15:37 Spirit Tower
15:38 Spirit Tower
15:38 Spirit Tower
15:44 Spirit Tower
15:44 Spirit Tower
15:44 Spirit Tower
15:45 Spirit Tower
15:45 Spirit Tower
15:45 Spirit Tower
15:52 Spirit Tower
15:54 Spirit Tower
16:21 Spirit Tower
16:21 Spirit Tower
17:09 Boneyard
17:11 Boneyard
21:09 Necropolis
23:24 Ziggurat
23:25 Ziggurat
23:27 Ziggurat
23:28 Ziggurat
23:29 Ziggurat
23:30 Ziggurat
23:32 Ziggurat
23:49 Slaughterhouse
23:51 Slaughterhouse
23:54 Slaughterhouse
23:57 Slaughterhouse
24:26 Spirit Tower
24:27 Spirit Tower
24:27 Spirit Tower
24:27 Spirit Tower
24:27 Spirit Tower
24:28 Spirit Tower
24:32 Spirit Tower
24:32 Spirit Tower
46:53 Halls of the Dead
» items
| Rod of Necromancy | 1 | |
| Periapt of Vitality | 4 | |
| Scroll of Town Portal | 1 | |
| Staff of Teleportation | 3 | |
| Boots of Speed | 2 | |
11 total
try (
purple | 82 APM | 4012 actions | 48:58)
10 Blademaster
3 Wind Walk
3 Critical Strike
1 Bladestorm
3 Mirror Image
5 Shadow Hunter
2 Hex
3 Healing Wave
1 Tauren Chieftain
1 War Stomp
» actions
| Assign group hotkey | 136 | |
| Basic commands | 98 | |
| Build / train | 97 | |
| ESC pressed | 1 | |
| Enter build submenu | 21 | |
| Enter hero's abilities submenu | 18 | |
| Give item / drop item | 6 | |
| Right click | 2196 | |
| Select / deselect | 342 | |
| Select group hotkey | 810 | |
| Use ability | 287 | |
4012 total
» units
| Peon | 22 | |
| Grunt | 9 | |
| Troll Batrider | 2 | |
33 total
» upgrades
| Berserker Strength | 1 | |
| Shaman Training | 2 | |
| Witch Doctor Training | 2 | |
| Reinforced Defenses | 1 | |
| Pillage | 1 | |
7 total
» buildings
| Altar of Storms | 1 | |
| Orc Burrow | 5 | |
| Barracks | 1 | |
| Voodoo Lounge | 1 | |
| Stronghold | 2 | |
| Great Hall | 3 | |
| Fortress | 1 | |
| Spirit Lodge | 2 | |
| War Mill | 1 | |
| Beastiary | 2 | |
| Watch Tower | 2 | |
21 total
» build order
00:04 Altar of Storms
00:14 Orc Burrow
00:37 Barracks
01:21 Orc Burrow
01:53 Voodoo Lounge
03:36 Stronghold
03:36 Stronghold
03:55 Orc Burrow
04:45 Great Hall
07:02 Fortress
07:04 Spirit Lodge
07:31 War Mill
08:26 Spirit Lodge
10:30 Beastiary
10:30 Beastiary
11:10 Orc Burrow
11:14 Orc Burrow
11:25 Watch Tower
13:51 Watch Tower
29:40 Great Hall
29:46 Great Hall
» items
| Healing Salve | 3 | |
| Boots of Speed | 2 | |
| Lesser Clarity Potion | 1 | |
| Scroll of Town Portal | 2 | |
| Orb of Lightning | 1 | |
| Staff of Teleportation | 2 | |
| Periapt of Vitality | 1 | |
| Circlet of Nobility | 1 | |
| Dust of Appearance | 1 | |
| Tome of Retraining | 2 | |
| Potion of Healing | 1 | |
| Potion of Lesser Invulnerability | 1 | |
18 total
tequilabrasil (
yellow | 29 APM | 1437 actions | 48:58)
4 Mountain King
2 Storm Bolt
2 Thunder Clap
» actions
| Assign group hotkey | 31 | |
| Basic commands | 6 | |
| Build / train | 104 | |
| Enter build submenu | 30 | |
| Enter hero's abilities submenu | 4 | |
| Give item / drop item | 1 | |
| Remove unit from queue | 2 | |
| Right click | 506 | |
| Select / deselect | 349 | |
| Select group hotkey | 340 | |
| Use ability | 64 | |
1437 total
» units
| Peasant | 24 | |
| Rifleman | 17 | |
| Mortar Team | 5 | |
| Priest | 4 | |
| Siege Engine | 8 | |
| Sorceress | 2 | |
| Chimaera | 5 | |
65 total
» upgrades
| Gunpowder | 3 | |
| Masonry | 3 | |
| Armor | 3 | |
| Long Rifles | 1 | |
| Lumber Harvesting | 2 | |
| Flare | 1 | |
| Fragmentation Shards | 1 | |
| Barrage | 1 | |
| Priest Training | 1 | |
16 total
» buildings
| Scout Tower | 21 | |
| Barracks | 1 | |
| Altar of Kings | 1 | |
| Arcane Tower | 1 | |
| Farm | 12 | |
| Blacksmith | 1 | |
| Lumber Mill | 1 | |
| Arcane Vault | 1 | |
| Guard Tower | 12 | |
| Keep | 1 | |
| Workshop | 1 | |
| Arcane Sanctum | 1 | |
| Castle | 1 | |
| Town Hall | 1 | |
56 total
» build order
00:38 Scout Tower
00:53 Barracks
01:08 Altar of Kings
01:11 Arcane Tower
01:59 Farm
02:00 Farm
02:10 Blacksmith
02:28 Lumber Mill
03:17 Farm
03:30 Scout Tower
03:32 Scout Tower
03:57 Arcane Vault
04:14 Guard Tower
04:30 Farm
04:37 Guard Tower
05:24 Farm
06:18 Farm
06:43 Keep
07:05 Farm
07:05 Farm
07:06 Farm
07:14 Scout Tower
07:15 Scout Tower
08:58 Guard Tower
09:02 Guard Tower
10:07 Workshop
10:13 Arcane Sanctum
10:23 Scout Tower
10:35 Castle
10:54 Scout Tower
11:21 Guard Tower
11:47 Farm
12:37 Scout Tower
12:38 Scout Tower
12:43 Scout Tower
12:44 Scout Tower
12:50 Scout Tower
12:51 Scout Tower
13:18 Guard Tower
13:21 Guard Tower
13:49 Guard Tower
13:53 Guard Tower
14:13 Guard Tower
14:41 Scout Tower
14:44 Scout Tower
15:53 Guard Tower
22:30 Farm
23:16 Farm
25:06 Scout Tower
25:07 Scout Tower
27:53 Scout Tower
27:54 Scout Tower
27:55 Scout Tower
27:57 Scout Tower
29:31 Guard Tower
30:49 Town Hall
» items
Chat log
(01:02 / Allies) BROWN-BABY.: good for u to join us red
(01:29 / All) try: gg noobs we massin crypt lords
(01:33 / All) try: RIP
(01:36 / All) The.Crypt.Lord: purp is a moron
(01:41 / All) The.Crypt.Lord: he already has given up because I am going CL
(01:51 / All) BROWN-BABY.: relax purple
(02:23 / All) The.Crypt.Lord: god forbid anyone do something slightly away from cookie cutter shit
(02:27 / All) try: wat
(02:28 / All) The.Crypt.Lord: in 4v4 13 years after release
(02:34 / All) MyNamesCody: damn we already have 4 crypt lords gg
(02:47 / All) try: he made a dk rofl
(02:50 / All) try: GG
(03:22 / All) MyNamesCody: you now realize youre playing a game thats 13 years old
(04:52 / Allies) ShrexualHealing: wtf red
(06:17 / Allies) digao6969: where units
(06:24 / Allies) digao6969: tower no win game
(06:26 / Allies) BROWN-BABY.: now u talk
(06:52 / Allies) digao6969: b
(06:52 / Allies) digao6969: b
(06:53 / Allies) digao6969: b
(07:16 / All) BROWN-BABY.: CODY #1
(07:45 / All) BROWN-BABY.: CODY WUT U GOING
(07:49 / All) BROWN-BABY.: better not be chippo
(08:40 / Allies) ShrexualHealing: cakk ti arns
(08:42 / Allies) ShrexualHealing: calkl to arms
(09:15 / All) ShrexualHealing: God purpll,e is annoying
(09:21 / Allies) ShrexualHealing: good one green
(10:06 / All) MyNamesCody: wtf is chippo
(10:13 / All) The.Crypt.Lord: lol
(10:28 / All) BROWN-BABY.: god damn purple
(10:33 / All) BROWN-BABY.: freaking kodos forsaken up in here
(10:35 / All) try: CROWN FOR KING
(10:41 / All) BROWN-BABY.: DROGO #1
(10:54 / Allies) ShrexualHealing: jake let's hit purple
(11:00 / Allies) BROWN-BABY.: THATS WUT IM DOING
(12:04 / Allies) digao6969: destrowuer base
(12:06 / Allies) digao6969: center base
(12:37 / All) BROWN-BABY.: die
(12:38 / All) BROWN-BABY.: nigga
(13:13 / Allies) ShrexualHealing: yellow base next
(13:17 / All) BROWN-BABY.: PURPLE GOT MSESSE DUP
(13:38 / Allies) digao6969: tp
(13:48 / Allies) ShrexualHealing: k next base
(14:18 / All) ShrexualHealing: you lose your base fucking faggot
(14:20 / All) ShrexualHealing: LOL
(14:29 / All) try: BM ALL I NEED
(14:37 / All) BROWN-BABY.: OK MR kodos
(14:53 / Allies) BROWN-BABY.: this guy
(14:57 / Allies) digao6969: is my mine
(15:02 / Allies) BROWN-BABY.: lol
(15:04 / Allies) BROWN-BABY.: ok its urs
(15:07 / All) try: LOL
(15:53 / All) ShrexualHealing: it sucks having noob green
(16:12 / Allies) digao6969: look yor gold basatard
(16:14 / All) The.Crypt.Lord: if a ghoul becomes idle harvesting lumber you get no notification like you do if a lumber peon, peasant runs out of trees
(16:16 / Allies) digao6969: 5 k gold
(16:19 / All) ShrexualHealing: sit in your base all game retard
(16:22 / Allies) digao6969: unistall, ga,me
(16:26 / Allies) b.b: gold
(16:26 / All) BROWN-BABY.: purple are u hacking
(16:28 / All) BROWN-BABY.: or somehting
(16:33 / All) try: wut
(16:38 / All) BROWN-BABY.: y are u buy ur war mill
(16:50 / All) try: its a tp
(17:21 / Allies) b.b: gold
(18:40 / All) BROWN-BABY.: aka purple
(18:48 / Allies) ShrexualHealing: let's attack blue base
(18:54 / All) ShrexualHealing: God green is so fucking useless
(19:07 / Allies) ShrexualHealing: come jake
(19:50 / Allies) digao6969: atack noobs
(20:01 / Allies) digao6969: center base
(20:19 / Allies) ShrexualHealing: tp out
(20:35 / All) BROWN-BABY.: are u assholes everywhere
(20:37 / All) BROWN-BABY.: or something
(20:41 / All) BROWN-BABY.: all 3 bases righ tthere
(20:49 / Allies) BROWN-BABY.: y did u say to attack there when all 3 were there
(21:12 / Allies) digao6969: gold me noob
(21:15 / Allies) digao6969: 4 k gold
(21:49 / Allies) digao6969: gooos team noob
(22:06 / Allies) BROWN-BABY.: wood so i can tower
(22:13 / All) ShrexualHealing: green don't call anyone a noob
(22:16 / Allies) BROWN-BABY.: wood me teal
(22:17 / Allies) digao6969: 5 k gold
(22:21 / All) ShrexualHealing: and?
(22:21 / Allies) digao6969: ridiculus noob
(22:23 / All) ShrexualHealing: You ain't done shit
(22:27 / All) BROWN-BABY.: TEAL WOOD ME U NIGGER
(22:55 / All) BROWN-BABY.: BET U
(23:59 / Allies) BROWN-BABY.: wood
(24:28 / Allies) ShrexualHealing: nive
(24:30 / Allies) ShrexualHealing: move
(24:46 / All) ShrexualHealing: alkl purple needs is mh
(24:51 / All) ShrexualHealing: then he pretends likle he's something special lel
(24:59 / All) try: wat
(25:03 / All) BROWN-BABY.: i think hes kodos
(25:07 / All) ShrexualHealing: you def have mh
(25:08 / Allies) digao6969: where help?
(25:16 / All) try: def dont
(25:19 / All) ShrexualHealing: Def do
(25:22 / All) ShrexualHealing: I'm watching you with mh
(25:24 / All) try: negative
(25:53 / Allies) digao6969: 8 k gold
(25:57 / Allies) digao6969: good help
(26:22 / All) BROWN-BABY.: pro micro u like that kodos
(26:23 / All) BROWN-BABY.: dont u
(26:27 / All) BROWN-BABY.: no wasting tp
(26:30 / Allies) digao6969: use gold basatrdddddddd
(26:42 / Allies) BROWN-BABY.: bob if u give me wood i can help tower
(26:44 / Allies) ShrexualHealing: Dude
(26:49 / Allies) ShrexualHealing: Can't you build so I can walk in my fucking base
(26:53 / All) BROWN-BABY.: lol
(27:23 / Allies) digao6969: d
(29:22 / Allies) digao6969: good team noob
(29:27 / Allies) digao6969: lvl 1 terrible
(31:28 / Allies) digao6969: control your trop noob
(31:38 / Allies) BROWN-BABY.: green stop touching teal
(31:40 / Allies) BROWN-BABY.: ur an idiot
(33:54 / Allies) BROWN-BABY.: final control him
(33:56 / Allies) BROWN-BABY.: watch u lose everything
(35:50 / Allies) digao6969: i controlllllllllllllllllllllllllllllllll
(35:52 / Allies) digao6969: basatrddd
(35:53 / Allies) BROWN-BABY.: ur a spic
(35:55 / Allies) BROWN-BABY.: u dont get to
(38:13 / Allies) digao6969: FUCKKKK NOOOOB
(38:17 / Allies) digao6969: I VCONTROLLL
(39:15 / Allies) digao6969: MONGOLLL
(39:39 / Allies) digao6969: BASATARD
(39:48 / Allies) BROWN-BABY.: thats wut u get for killing my shit
(40:34 / All) MyNamesCody: why tf orange just kill me
(40:39 / All) The.Crypt.Lord: You lose, blue
(40:50 / All) MyNamesCody: nigga we on the same team
(40:57 / All) The.Crypt.Lord: Purple is a maphacker
(40:58 / All) The.Crypt.Lord: He has to lose
(41:00 / All) The.Crypt.Lord: hear that green?
(41:02 / All) The.Crypt.Lord: Free win for you
(41:04 / All) try: wat
(41:13 / All) MyNamesCody: wtf
(41:21 / All) MyNamesCody: this nigga has 8k gold
(41:26 / All) MyNamesCody: losing his damn mind with power
(41:42 / All) MyNamesCody: wtf
(41:50 / All) MyNamesCody: we could have actually won too lmao holy shit
(42:54 / Allies) digao6969: good noob
(43:02 / Allies) digao6969: noob lvl 1
(43:05 / All) try: nope
(43:06 / Allies) digao6969: unisatll game
(43:08 / All) BROWN-BABY.: greens the biggest spic
(44:34 / All) BROWN-BABY.: green is such a nigger
(47:39 / All) The.Crypt.Lord: running won't save all the buildings from dying
(47:43 / All) The.Crypt.Lord: maphacking piece of shit
(47:51 / All) try: who hacks faggot
(47:56 / All) The.Crypt.Lord: you
(47:58 / All) The.Crypt.Lord: you're trash
(47:59 / All) try: how so
(48:01 / All) The.Crypt.Lord: enjoy your loss
(48:03 / All) try: negative nigger
(48:04 / All) The.Crypt.Lord: 2-4, time for a new account
(48:06 / All) try: cant even tk a single unit
(48:20 / All) The.Crypt.Lord: don't have to kill your bm to make you lose
(48:25 / All) try: cool